 Seeded DCSS version 0.29.1-15-g9cfb28693d (webtiles) character file.

Game seed: 6320845443627075161 (custom seed)

55 bmack86 the Trooper (level 3, -1/33 HPs)
             Began as a Minotaur Fighter on Mar 2, 2023.
             Killed from afar by an orc wizard (6 damage)
             ... with a puff of flame
             ... on level 3 of the Dungeon.
             The game lasted 00:02:24 (1346 turns).

bmack86 the Trooper (Minotaur Fighter)              Turns: 1346, Time: 00:02:24

Health: -1/33      AC: 12    Str: 22    XL:     3   Next: 67%
Magic:  2/2        EV:  6    Int:  5    God:
Gold:   93         SH:  4    Dex:  9    Spells: 2/2 levels left

rFire   . . .      SeeInvis .   a - +0 war axe
rCold   . . .      Faith    .   c - +0 buckler
rNeg    . . .      Spirit   .   k - +0 plate armour
rPois   .          Reflect  .   m - +1 hat {Stlth+}
rElec   .          Harm     .   (no cloak)
rCorr   .          Rampage  .   (no gloves)
Will    .....                   (no boots)
Stlth   ..........              (no amulet)
HPRegen 0.11/turn               (no ring)
MPRegen 0.08/turn               (no ring)

@: studying Fighting
A: horns 2, retaliatory headbutt
a: no special abilities


You were on level 3 of the Dungeon.
You visited 1 branch of the dungeon, and saw 3 of its levels.

You collected 93 gold pieces.

Inventory:

Hand Weapons
 a - a +0 war axe (weapon)
Missiles
 h - 3 poisoned darts (quivered)
Armour
 b - a +0 scale mail
 c - a +0 buckler (worn)
 k - a +0 plate armour (worn)
 m - a +1 hat of stealth (worn)
Jewellery
 p - a ring of magical power
Wands
 r - a wand of flame (13)
Scrolls
 e - 2 scrolls of teleportation {unknown}
 i - 2 scrolls of magic mapping {unknown}
 n - 2 scrolls of vulnerability {unknown}
 q - a scroll of identify {unknown}
Potions
 d - a potion of might
 f - 2 potions of curing {unknown}
 g - a potion of haste {unknown}
 j - a potion of resistance {unknown}
 l - a potion of brilliance {unknown}
 o - a potion of flight {unknown}


   Skills:
 + Level 4.1 Fighting
 * Level 3.5 Axes
 + Level 1.0 Throwing
 + Level 4.0 Armour
 + Level 4.1 Shields


You had 2 spell levels left.
You didn't know any spells.
Your spell library contained the following spells:

 Spells                   Type           Power      Damage    Failure   Level
 Freeze                   Ice            0%         1d3       100%        1
 Frozen Ramparts          Ice            0%         1d1       100%        3
 Hailstorm                Conj/Ice       0%         3d3       100%        4


Dungeon Overview and Level Annotations

Branches:
Dungeon (3/15)

Altars:

Shops:
D:2 :


Innate Abilities, Weirdness & Mutations

You have a pair of horns on your head.
You reflexively headbutt those who attack you in melee.


Message History

a +0 dagger; a +0 robe; an orc corpse You closely miss the orc.
You hit the orc wizard but do no damage.
The orc hits you but does no damage.
The orc wizard hits you but does no damage. x2
The orc hits you with a +0 dagger.
* * * LOW HITPOINT WARNING * * *
You miss the orc. Your headbutt misses the orc. You miss the orc wizard.
The orc wizard barely misses you. The orc hits you but does no damage.
The orc wizard attacks as you move away!
The orc wizard hits you but does no damage.
The orc throws a stone.
The stone barely misses you.
You bump into the rock wall.
The orc wizard gestures at you while chanting.
You are more confused.
You're too confused to move!
You closely miss the orc wizard.
The orc wizard is severely wounded.
You closely miss the orc.
The orc wizard hits you but does no damage.
The orc hits you but does no damage.
The orc wizard attacks as you move away!
The orc wizard completely misses you.
You slash the orc!
You kill the orc!
You closely miss the orc wizard. The orc wizard barely misses you.
The orc wizard hits you but does no damage.
You see here a murky black potion.
The orc wizard hits you but does no damage.
The orc wizard attacks as you move away!
The orc wizard hits you with a +0 dagger.
* * * LOW HITPOINT WARNING * * *
You feel less confused.
The orc wizard gestures wildly while chanting.
The orc wizard flickers and vanishes!
Deactivating autopickup; reactivate with Ctrl-A.
You hear some strange, mumbled words.
A puff of flame appears from out of thin air!
The puff of flame hits you.
You die...

##(#..#.# #.#.#
.......# #.#.#
###....### ##.#.#
......# ##....#
#....#####.#.#)#
#....<.....)...#
##...#####.#.#.#
###.#####)..######...##
........@..)........##
........!{.##########
#.#######..# #......#
##.##### #.# #.# .# .#


There were no monsters in sight!

Vanquished Creatures
  An orc wizard (D:3)
  An adder (D:2)
  2 dart slugs (D:2)
  3 orcs (D:3)
  A ball python (D:1)
  3 goblins
  3 bats
  A kobold (D:3)
  2 rats
17 creatures vanquished.

Notes
Turn   | Place    | Note
-------+----------+-------------------------------------------
     0 | D:1      | bmack86 the Minotaur Fighter began the quest for the Orb.
     0 | D:1      | Reached XP level 1. HP: 19/19 MP: 0/0
   681 | D:2      | Found a faded altar of an unknown god.
   698 | D:2      | Reached XP level 2. HP: 27/27 MP: 1/1
   772 | D:2      | Found Weil's Book Boutique.
  1069 | D:2      | Identified a scroll of acquirement
  1069 | D:2      | Acquired a manual of Fighting
  1320 | D:3      | Reached XP level 3. HP: 20/33 MP: 2/2
  1321 | D:3      | Reached skill level 1 in Throwing
  1346 | D:3      | Killed from afar by an orc wizard

Illustrated notes

Levels and vault maps discovered:
D:1:      dpeg_arrival_lava_temple_mockup, layout_basic
D:2:      layout_loops_ring, shapermc_ecumenical_altar_starsandcircs,
          serial_shops, nicolae_shop_window_shopping
D:3:      layout_loops_ring, pdpol_wu_jian_five_deadly_venoms, corexii_shack,
          uniq_crazy_yiuf_cottage

Skill      XL: |  1  2  3 |
---------------+----------+-----
Axes           | 3 |  3.5
Fighting       | 4 |  4.1
Throwing       | 1 |  1.0
Armour         | 4 |  4.0
Shields        | 4 |  4.1

Action                   || total
-------------------------++-------
Melee: War axe           ||    44
       Headbutt          ||     2
  Use: Scroll            ||     1
Armor: Plate armour      ||    56
       Scale mail        ||     2
Dodge: Dodged            ||    20
Block: Buckler           ||    10
